Jets vs Kings
Created - 21 avril 2013 at 20:34
Goals
|
| Jets |
1 |
0 |
3 |
0 |
2 |
5 |
| Kings |
0 |
2 |
2 |
0 |
0 |
4 |
|
Shots
|
| Jets |
7 |
6 |
15 |
2 |
3 |
30 |
| Kings |
10 |
11 |
8 |
1 |
2 |
30 |
|
1st period
1. Jets , Benoit Pouliot 26 (Jason Arnott, Niklas Kronwall) at 6:34
Penalties :
Bryan McCabe (LAK) for Diving (Minor) at 4:20, Mike Leclerc (Win) for High sticking (Minor) at 4:20, Colin White (Win) for Hooking (Minor) at 8:18, Shane Doan (Win) for Hooking (Minor) at 13:23, Maxime Daigneault (Win) for Delaying the game (Minor) at 19:42 - Pavel Kubina served the penalty
2nd period
2. Kings , Jay Bouwmeester 10 (Sydney Crosby, Wade Redden) at 0:12 (PP)
3. Kings , Simon Gagné 25 (Tomas Plekanec, George Parros) at 10:32
Penalties :
Adam Burish (Win) for Roughing (Minor) at 5:42, George Parros (LAK) for Hooking (Minor) at 14:06, Adam Burish (Win) for Roughing (Minor) at 15:30
3rd period
4. Kings , Jarome Iginla 39 (Guillaume Latendresse, Sydney Crosby) at 2:01
5. Jets , Tuomo Ruutu 16 (David Vyborny, Pavel Kubina) at 3:21
6. Jets , Niklas Kronwall 2 (Jason Arnott) at 6:12 (PP)
7. Jets , Jason Allison 33 (Shane Doan, Maxime Daigneault) at 13:31 (PP)
8. Kings , Simon Gagné 26 (Tomas Plekanec, George Parros) at 14:16
Penalties :
Guillaume Latendresse (LAK) for High sticking (Minor) at 5:27, Pavel Kubina (Win) for Hooking (Minor) at 9:00, George Parros (LAK) for Roughing (Minor) at 13:15, Jason Arnott (Win) for Charging (Minor) at 14:17, Niklas Kronwall (Win) for Holding (Minor) at 17:45
Overtime #1
No Goal
Penalties :
No Penalty
Shootout
Penalty Shot by Jason Arnott for Jets - Stopped by Brent Johnson
Penalty Shot by Jarome Iginla for Kings - Stopped by Maxime Daigneault
Penalty Shot by Benoit Pouliot for Jets - Goal!
Penalty Shot by Sydney Crosby for Kings - Stopped by Maxime Daigneault
Penalty Shot by Keith Tkachuk for Jets - Goal!
Penalties :
No Penalty
Goalie Stats
Maxime Daigneault (Win), 26 saves from 30 shots - (0,867), W, 21-11-8, 65:00 minutes
Brent Johnson (LAK), 26 saves from 30 shots - (0,867), OTL, 19-6-2, 65:00 minutes
Players Stats for Jets
Player Name G A P +/- PIM S H SB GA TA FO MP PP MP PK MP
------------------------------------------------------------------------------------
Adam Burish 0 0 0 -1 4 1 1 0 0 0 0/0 12:46 0:41 0:00
Benoit Pouliot 1 0 1 0 0 2 2 0 0 0 0/0 21:07 1:43 3:10
Bryce Salvador 0 0 0 -1 0 1 1 1 0 1 0/0 28:29 0:00 8:01
Colin White 0 0 0 1 2 2 0 0 0 0 0/0 16:02 0:00 4:49
David Vyborny 0 1 1 0 0 1 1 0 0 0 0/0 7:03 0:00 0:00
Dmitri Kalinin 0 0 0 -2 0 2 2 1 2 1 0/0 29:44 1:42 8:01
Jason Allison 1 0 1 -1 0 4 5 0 0 0 11/19 19:55 1:43 1:34
Jason Arnott 0 2 2 0 2 3 6 0 1 2 21/35 21:54 0:42 7:07
Jeff Schultz 0 0 0 -1 0 0 0 3 0 0 0/0 23:05 0:43 4:47
Jussi Jokinen 0 0 0 0 0 0 0 0 0 1 0/0 11:50 0:00 1:01
Keith Tkachuk 0 0 0 -1 0 3 4 0 1 0 0/0 17:46 0:42 2:59
Kyle Wellwood 0 0 0 0 0 1 1 0 0 1 1/2 12:46 0:00 3:53
Martin Erat 0 0 0 0 0 0 0 0 0 0 0/0 8:19 0:00 0:00
Mike Leclerc 0 0 0 1 2 3 2 1 0 1 0/0 11:12 0:00 5:01
Niklas Kronwall 1 1 2 2 2 3 2 0 0 0 0/0 16:57 1:42 1:21
Pavel Kubina 0 1 1 -1 2 0 0 3 1 0 0/0 15:56 0:43 0:37
Shane Doan 0 1 1 -1 2 3 0 1 0 0 0/0 18:35 1:43 0:00
Tuomo Ruutu 1 0 1 0 0 1 1 0 1 0 0/5 10:04 0:00 2:51
Players Stats for Kings
Player Name G A P +/- PIM S H SB GA TA FO MP PP MP PK MP
------------------------------------------------------------------------------------
Antti Miettinen 0 0 0 -1 0 2 1 0 0 0 0/1 18:10 5:49 0:00
Bryan McCabe 0 0 0 -1 2 0 1 2 0 0 0/0 15:24 1:29 0:40
Danny Richmond 0 0 0 0 0 0 1 1 1 0 0/0 24:50 4:40 1:45
Daymond Langkow 0 0 0 -2 0 2 1 0 0 1 6/13 19:38 5:49 0:07
Derek Boogaard 0 0 0 0 0 2 0 1 1 0 0/0 8:51 0:49 0:19
George Parros 0 2 2 2 4 3 2 0 0 0 1/1 12:58 0:58 0:00
Guillaume Latendresse 0 1 1 1 2 0 2 1 0 2 0/0 19:23 7:07 0:00
Jarome Iginla 1 0 1 1 0 5 0 0 1 1 1/2 23:16 7:04 1:48
Jay Bouwmeester 1 0 1 0 0 1 2 1 1 2 0/0 29:01 8:45 1:45
Matthew Barnaby 0 0 0 0 0 0 0 0 0 0 2/2 8:37 0:29 0:00
Randy Robitaille 0 0 0 0 0 0 1 0 0 0 3/4 8:37 0:24 0:30
Ryan Hollweg 0 0 0 -1 0 4 1 1 0 0 0/0 11:09 0:00 0:00
Ryan Whitney 0 0 0 0 0 0 2 4 1 0 0/0 22:32 5:03 0:40
Sean Zimmerman 0 0 0 1 0 0 0 0 0 0 0/0 13:10 0:00 0:00
Simon Gagné 2 0 2 2 0 3 1 0 0 0 0/0 11:49 0:00 0:18
Sydney Crosby 0 2 2 1 0 3 2 1 2 0 10/29 23:33 7:06 1:48
Tomas Plekanec 0 2 2 1 0 2 3 0 0 0 5/9 19:22 5:49 0:00
Wade Redden 0 1 1 1 0 3 2 0 0 0 0/0 24:37 7:39 0:00
3 Stars
1 - Simon Gagné (LAK)
2 - Niklas Kronwall (Win)
3 - Tomas Plekanec (LAK)
Power Play
Jets - 2 on 3 Attempt(s) - 66,67%
Kings - 1 on 8 Attempt(s) - 12,50%
Penalty Kill
Jets - 7 on 8 Attempt(s) - 87,50%
- Score 0 goal in Penalty Kill
Kings - 1 on 3 Attempt(s) - 33,33%
- Score 0 goal in Penalty Kill
Official
Referees : Meier Brad and Marouelli Dan
Linesman : Pierre Champoux and Lyle Seitz
Game Notes
3:21 of 3rd period - Jets goal is going for a video replay. After video review, Goal.
Mike Leclerc is injured at 9:33 of 3rd period (Bruised Left Shoulder)
Finance
Level 1 -- Attendance: 6000 (100,00%) -- Ticket Income 330 000 $
Level 2 -- Attendance: 5000 (100,00%) -- Ticket Income 225 000 $
Level 3 -- Attendance: 1315 (65,75%) -- Ticket Income 46 025 $
Level 4 -- Attendance: 3586 (89,65%) -- Ticket Income 53 790 $
Luxury Box -- Attendance: 1000 (100,00%) -- Ticket Income 75 000 $
Game was played at the Staples Center
Total Attendance: 16901 (93,89%)
Total Ticket Income: 729 815 $
Other Income: 36 491 $
Total Income: 766 306 $
Jets
5 vs 5 Forward
Center Left Wing Right Wing Time % Phy DF OF
1 Jason Arnott Keith Tkachuk Adam Burish 33 1 2 2
2 Jason Allison Benoit Pouliot Shane Doan 33 1 1 3
3 Kyle Wellwood Jussi Jokinen Martin Erat 23 1 1 3
4 Tuomo Ruutu Mike Leclerc David Vyborny 11 1 2 2
5 vs 5 Defense
Defense Defense Time % Phy DF OF
1 Bryce Salvador Dmitri Kalinin 40 2 2 1
2 Pavel Kubina Jeff Schultz 30 2 2 1
3 Colin White Niklas Kronwall 20 1 2 2
4 Jeff Schultz Dmitri Kalinin 10 2 2 1
PowerPlay Forward
Center Left Wing Right Wing Time % Phy DF OF
1 Jason Allison Benoit Pouliot Shane Doan 60 1 0 4
2 Jason Arnott Keith Tkachuk Adam Burish 40 1 0 4
PowerPlay Defense
Defense Defense Time % Phy DF OF
1 Dmitri Kalinin Niklas Kronwall 60 0 1 4
2 Pavel Kubina Jeff Schultz 40 0 2 3
Penalty Kill 4 Players Forward
Center Wing Time % Phy DF OF
1 Jason Arnott Mike Leclerc 60 0 4 1
2 Tuomo Ruutu Keith Tkachuk 40 0 4 1
Penalty Kill 4 Players Defense
Defense Defense Time % Phy DF OF
1 Dmitri Kalinin Bryce Salvador 60 1 4 0
2 Colin White Jeff Schultz 40 1 4 0
Penalty Kill - 3 Players Forward
Forward Time % Phy DF OF
1 Mike Leclerc 60 0 4 1
2 Jason Arnott 40 0 4 1
Penalty Kill - 3 Players Defense
Defense Defense Time % Phy DF OF
1 Dmitri Kalinin Bryce Salvador 60 1 2 2
2 Colin White Jeff Schultz 40 1 2 2
4 vs 4 Forward
Center Wing Time % Phy DF OF
1 Jason Allison Shane Doan 60 1 2 2
2 Jason Arnott Benoit Pouliot 40 1 2 2
4 vs 4 Defense
Defense Defense Time % Phy DF OF
1 Dmitri Kalinin Jeff Schultz 60 1 2 2
2 Niklas Kronwall Bryce Salvador 40 1 2 2
Last Minutes Offensive
Center Left Wing Right Wing Defense Defense
Jason Allison Benoit Pouliot Shane Doan Pavel Kubina Dmitri Kalinin
Last Minutes Defensive
Center Left Wing Right Wing Defense Defense
Jason Arnott Mike Leclerc Keith Tkachuk Bryce Salvador Dmitri Kalinin
Goaltenders
Starting : Maxime Daigneault
Backup : Ilya Bryzgalov
Extra Forwards
Normal : Jussi Jokinen, Benoit Pouliot, Keith Tkachuk - PP : Shane Doan, Benoit Pouliot - PK : Kyle Wellwood
Extra Defensemen
Normal : Colin White, Jeff Schultz, Dmitri Kalinin - PP : Niklas Kronwall - PK : Bryce Salvador, Dmitri Kalinin
Penalty Shots
Jason Arnott, Benoit Pouliot, Keith Tkachuk, Shane Doan, Jason Allison
Kings
5 vs 5 Forward
Center Left Wing Right Wing Time % Phy DF OF
1 Sydney Crosby Guillaume Latendresse Jarome Iginla 30 1 2 2
2 Tomas Plekanec Simon Gagné George Parros 30 1 2 2
3 Daymond Langkow Ryan Hollweg Antti Miettinen 30 1 2 2
4 Randy Robitaille Derek Boogaard Matthew Barnaby 10 1 2 2
5 vs 5 Defense
Defense Defense Time % Phy DF OF
1 Jay Bouwmeester Danny Richmond 35 0 3 2
2 Ryan Whitney Bryan McCabe 30 1 2 2
3 Wade Redden Sean Zimmerman 30 1 2 2
4 Jay Bouwmeester Danny Richmond 5 1 2 2
PowerPlay Forward
Center Left Wing Right Wing Time % Phy DF OF
1 Sydney Crosby Guillaume Latendresse Jarome Iginla 60 0 1 4
2 Tomas Plekanec Daymond Langkow Antti Miettinen 40 0 1 4
PowerPlay Defense
Defense Defense Time % Phy DF OF
1 Jay Bouwmeester Wade Redden 60 0 2 3
2 Ryan Whitney Danny Richmond 40 0 2 3
Penalty Kill 4 Players Forward
Center Wing Time % Phy DF OF
1 Sydney Crosby Jarome Iginla 60 1 3 1
2 Simon Gagné George Parros 40 1 3 1
Penalty Kill 4 Players Defense
Defense Defense Time % Phy DF OF
1 Jay Bouwmeester Danny Richmond 60 1 3 1
2 Ryan Whitney Bryan McCabe 40 0 4 1
Penalty Kill - 3 Players Forward
Forward Time % Phy DF OF
1 Sydney Crosby 60 1 2 2
2 Jarome Iginla 40 1 2 2
Penalty Kill - 3 Players Defense
Defense Defense Time % Phy DF OF
1 Jay Bouwmeester Danny Richmond 60 1 2 2
2 Ryan Whitney Bryan McCabe 40 1 2 2
4 vs 4 Forward
Center Wing Time % Phy DF OF
1 Sydney Crosby Jarome Iginla 60 1 2 2
2 Tomas Plekanec Daymond Langkow 40 1 2 2
4 vs 4 Defense
Defense Defense Time % Phy DF OF
1 Wade Redden Ryan Whitney 60 1 2 2
2 Jay Bouwmeester Danny Richmond 40 1 2 2
Last Minutes Offensive
Center Left Wing Right Wing Defense Defense
Sydney Crosby Simon Gagné Jarome Iginla Jay Bouwmeester Wade Redden
Last Minutes Defensive
Center Left Wing Right Wing Defense Defense
Sydney Crosby Simon Gagné Jarome Iginla Jay Bouwmeester Danny Richmond
Goaltenders
Starting : Brent Johnson
Backup : Mike Smith
Extra Forwards
Normal : Guillaume Latendresse, Antti Miettinen, Daymond Langkow - PP : Daymond Langkow, George Parros - PK : Randy Robitaille
Extra Defensemen
Normal : Wade Redden, Sean Zimmerman, Ryan Whitney - PP : Wade Redden - PK : Sean Zimmerman, Bryan McCabe
Penalty Shots
Jarome Iginla, Sydney Crosby, Daymond Langkow, Simon Gagné, Jay Bouwmeester
% Time on Ice - Jets
Lines # - Real PCT - Wanted PCT - Time Play
Normal Forward
1 - 30% - 33% - 12:19
2 - 33% - 33% - 13:32
3 - 20% - 23% - 8:19
4 - 17% - 11% - 7:03
Normal Defense
1 - 41% - 40% - 16:51
2 - 36% - 30% - 14:46
3 - 23% - 20% - 9:24
4 - 0% - 10% - 0:12
PP Forward
1 - 71% - 60% - 1:43
2 - 29% - 40% - 0:42
PP Defense
1 - 70% - 60% - 1:42
2 - 30% - 40% - 0:43
PK Forward
1 - 79% - 60% - 10:57
2 - 21% - 40% - 2:51
PK Defense
1 - 57% - 60% - 7:56
2 - 43% - 40% - 5:52
PK3 Forward
1 - 0% - 60%
2 - 0% - 40%
PK3 Defense
1 - 0% - 60%
2 - 0% - 40%
44 Forward
1 - 85% - 60% - 6:25
2 - 15% - 40% - 1:09
44 Defense
1 - 45% - 60% - 3:26
2 - 55% - 40% - 4:08
Last Minute Offensive - 0:00
Last Minute Defensive - 0:00
Total
Forward - 65:00
Defense - 65:00
|
% Time on Ice - Kings
Lines # - Real PCT - Wanted PCT - Time Play
Normal Forward
1 - 26% - 30% - 10:53
2 - 29% - 30% - 11:55
3 - 26% - 30% - 10:42
4 - 19% - 10% - 7:43
Normal Defense
1 - 37% - 35% - 15:18
2 - 32% - 30% - 13:17
3 - 30% - 30% - 12:26
4 - 0% - 5% - 0:12
PP Forward
1 - 53% - 60% - 7:22
2 - 47% - 40% - 6:26
PP Defense
1 - 66% - 60% - 9:08
2 - 34% - 40% - 4:40
PK Forward
1 - 88% - 60% - 2:07
2 - 12% - 40% - 0:18
PK Defense
1 - 72% - 60% - 1:45
2 - 28% - 40% - 0:40
PK3 Forward
1 - 0% - 60%
2 - 0% - 40%
PK3 Defense
1 - 0% - 60%
2 - 0% - 40%
44 Forward
1 - 74% - 60% - 5:34
2 - 26% - 40% - 2:00
44 Defense
1 - 59% - 60% - 4:26
2 - 41% - 40% - 3:08
Last Minute Offensive - 0:00
Last Minute Defensive - 0:00
Total
Forward - 65:00
Defense - 65:00
|
Play by Play
1st period
0:01 of 1st period - Jason Arnott wins face-off versus Sydney Crosby in neutral zone.
0:14 of 1st period - Slapshot by Keith Tkachuk.
0:14 of 1st period - Shot Misses the Net.
0:26 of 1st period - Bryce Salvador is hit by Jay Bouwmeester and loses puck.
0:53 of 1st period - Slapshot by Daymond Langkow.
0:53 of 1st period - Stopped by Maxime Daigneault without a rebound.
0:54 of 1st period - Matthew Barnaby wins face-off versus Tuomo Ruutu in Jets zone.
0:55 of 1st period - Snap shot by Derek Boogaard.
0:55 of 1st period - Stopped by Maxime Daigneault without a rebound.
0:56 of 1st period - Randy Robitaille wins face-off versus Tuomo Ruutu in Jets zone.
1:11 of 1st period - Slapshot by Derek Boogaard.
1:11 of 1st period - Stopped by Maxime Daigneault without a rebound.
1:12 of 1st period - Jason Allison wins face-off versus Daymond Langkow in Jets zone.
1:23 of 1st period - Slapshot by Jay Bouwmeester.
1:23 of 1st period - Deflect By Antti Miettinen.
1:23 of 1st period - Shot Blocked by Jeff Schultz.
1:23 of 1st period - Puck is out of play.
1:24 of 1st period - Sydney Crosby wins face-off versus Jason Arnott in Jets zone.
1:39 of 1st period - Snap shot by Sydney Crosby.
1:39 of 1st period - Shot Blocked by Jeff Schultz.
2:15 of 1st period - Danny Richmond is hit by Benoit Pouliot and loses puck.
2:54 of 1st period - Jarome Iginla is hit by Keith Tkachuk and loses puck.
3:51 of 1st period - Bryan McCabe is hit by Keith Tkachuk and loses puck.
3:58 of 1st period - Snap shot by Keith Tkachuk.
3:58 of 1st period - Shot Blocked by Ryan Whitney.
4:00 of 1st period - Slapshot by Jeff Schultz.
4:00 of 1st period - Shot Misses the Net.
4:12 of 1st period - Sydney Crosby is hit by David Vyborny and loses puck.
4:20 of 1st period - Minor Penalty to Bryan McCabe for Diving.
4:20 of 1st period - Minor Penalty to Mike Leclerc for High sticking.
4:21 of 1st period - Jason Allison wins face-off versus Sydney Crosby in Kings zone.
5:02 of 1st period - Wrist shot by Jason Arnott.
5:02 of 1st period - Shot Blocked by Ryan Whitney.
5:04 of 1st period - Wrist shot by Benoit Pouliot.
5:04 of 1st period - Shot Misses the Net.
5:06 of 1st period - Backhand shot by Bryce Salvador.
5:06 of 1st period - Stopped by Brent Johnson with a rebound.
6:09 of 1st period - Jason Allison is hit by Tomas Plekanec.
6:20 of 1st period - Penalty to Bryan McCabe is over, Bryan McCabe is back on ice.
6:20 of 1st period - Penalty to Mike Leclerc is over, Mike Leclerc is back on ice.
6:34 of 1st period - Snap shot by Benoit Pouliot.
6:34 of 1st period - Goal by Benoit Pouliot - Jets : 1 - Kings : 0.
6:35 of 1st period - Daymond Langkow wins face-off versus Jason Arnott in neutral zone.
6:50 of 1st period - Antti Miettinen is hit by Jason Arnott and loses puck.
7:09 of 1st period - Wrist shot by Tomas Plekanec.
7:09 of 1st period - Stopped by Maxime Daigneault with a rebound.
7:23 of 1st period - Snap shot by George Parros.
7:23 of 1st period - Stopped by Maxime Daigneault with a rebound.
7:27 of 1st period - Snap shot by Jarome Iginla.
7:27 of 1st period - Stopped by Maxime Daigneault without a rebound.
7:28 of 1st period - Jason Allison wins face-off versus Sydney Crosby in Jets zone.
7:51 of 1st period - Snap shot by Sydney Crosby.
7:51 of 1st period - Stopped by Maxime Daigneault without a rebound.
7:52 of 1st period - Jason Arnott wins face-off versus Daymond Langkow in Jets zone.
7:59 of 1st period - Keith Tkachuk is hit by Jay Bouwmeester and loses puck.
8:06 of 1st period - Snap shot by Antti Miettinen.
8:06 of 1st period - Shot Misses the Net.
8:18 of 1st period - Minor Penalty to Colin White for Hooking.
8:19 of 1st period - Jason Arnott wins face-off versus Sydney Crosby in Jets zone.
8:26 of 1st period - Slapshot by Dmitri Kalinin.
8:26 of 1st period - Deflect By Jason Arnott.
8:26 of 1st period - Shot Blocked by Jay Bouwmeester.
8:26 of 1st period - Puck is out of play.
8:27 of 1st period - Jason Arnott wins face-off versus Sydney Crosby in Kings zone.
8:45 of 1st period - Snap shot by Wade Redden.
8:45 of 1st period - Stopped by Maxime Daigneault with a rebound.
8:47 of 1st period - Snap shot by Sydney Crosby.
8:47 of 1st period - Stopped by Maxime Daigneault without a rebound.
8:48 of 1st period - Jason Arnott wins face-off versus Tomas Plekanec in Jets zone.
9:13 of 1st period - Wade Redden is hit by Keith Tkachuk and loses puck.
10:18 of 1st period - Penalty to Colin White is over, Colin White is back on ice.
10:19 of 1st period - Icing by Guillaume Latendresse.
10:20 of 1st period - Jason Allison wins face-off versus Sydney Crosby in Kings zone.
10:21 of 1st period - Slapshot by Benoit Pouliot.
10:21 of 1st period - Shot Misses the Net.
10:29 of 1st period - Wrist shot by Shane Doan.
10:29 of 1st period - Stopped by Brent Johnson without a rebound.
10:30 of 1st period - Randy Robitaille wins face-off versus Jason Allison in Kings zone.
10:30 of 1st period - Randy Robitaille is hit by Niklas Kronwall.
10:38 of 1st period - Snap shot by Derek Boogaard.
10:38 of 1st period - Shot Misses the Net.
10:46 of 1st period - Snap shot by Jason Allison.
10:46 of 1st period - Shot Misses the Net.
10:48 of 1st period - Backhand shot by Benoit Pouliot.
10:48 of 1st period - Stopped by Brent Johnson with a rebound.
10:50 of 1st period - Snap shot by Shane Doan.
10:50 of 1st period - Deflect By Benoit Pouliot.
10:50 of 1st period - Shot Misses the Net.
10:50 of 1st period - Puck is out of play.
10:51 of 1st period - Jason Arnott wins face-off versus Tomas Plekanec in Kings zone.
10:56 of 1st period - Wrist shot by Keith Tkachuk.
10:56 of 1st period - Stopped by Brent Johnson without a rebound.
10:57 of 1st period - Tomas Plekanec wins face-off versus Jason Arnott in Kings zone.
12:07 of 1st period - Sydney Crosby is hit by Jason Allison and loses puck.
12:16 of 1st period - Snap shot by Jason Allison.
12:16 of 1st period - Stopped by Brent Johnson with a rebound.
12:18 of 1st period - Wrist shot by Jason Allison.
12:18 of 1st period - Stopped by Brent Johnson with a rebound.
13:06 of 1st period - Snap shot by Jason Allison.
13:06 of 1st period - Shot Blocked by Guillaume Latendresse.
13:23 of 1st period - Minor Penalty to Shane Doan for Hooking.
13:24 of 1st period - Tomas Plekanec wins face-off versus Jason Arnott in Jets zone.
14:19 of 1st period - Snap shot by George Parros.
14:19 of 1st period - Shot Misses the Net.
15:23 of 1st period - Penalty to Shane Doan is over, Shane Doan is back on ice.
15:34 of 1st period - Colin White is hit by Bryan McCabe and loses puck.
17:10 of 1st period - Daymond Langkow is hit by Jason Allison and loses puck.
17:31 of 1st period - Jay Bouwmeester is hit by Jason Arnott and loses puck.
18:29 of 1st period - Guillaume Latendresse is hit by Jason Arnott and loses puck.
18:44 of 1st period - Bryan McCabe is hit by Mike Leclerc and loses puck.
18:53 of 1st period - Simon Gagné is hit by Mike Leclerc and loses puck.
19:10 of 1st period - Wrist shot by Shane Doan.
19:10 of 1st period - Shot Blocked by Bryan McCabe.
19:22 of 1st period - Snap shot by Martin Erat.
19:22 of 1st period - Shot Misses the Net.
19:42 of 1st period - Snap shot by Ryan Hollweg.
19:42 of 1st period - Stopped by Maxime Daigneault without a rebound.
19:42 of 1st period - Minor Penalty to Maxime Daigneault for Delaying the game.
19:43 of 1st period - Jason Arnott wins face-off versus Sydney Crosby in Jets zone.
2nd period
0:01 of 2nd period - Jason Arnott wins face-off versus Sydney Crosby in neutral zone.
0:12 of 2nd period - Snap shot by Jay Bouwmeester.
0:12 of 2nd period - Goal by Jay Bouwmeester - Jets : 1 - Kings : 1.
0:13 of 2nd period - Daymond Langkow wins face-off versus Jason Arnott in neutral zone.
0:15 of 2nd period - Off-side.
0:16 of 2nd period - Daymond Langkow wins face-off versus Jason Arnott in neutral zone.
1:05 of 2nd period - Guillaume Latendresse is hit by Niklas Kronwall and loses puck.
1:31 of 2nd period - Slapshot by Derek Boogaard.
1:31 of 2nd period - Shot Misses the Net.
3:06 of 2nd period - Jason Arnott is hit by Wade Redden and loses puck.
3:28 of 2nd period - Wade Redden is hit by Dmitri Kalinin.
3:34 of 2nd period - Snap shot by George Parros.
3:34 of 2nd period - Stopped by Maxime Daigneault with a rebound.
3:36 of 2nd period - Slapshot by Wade Redden.
3:36 of 2nd period - Stopped by Maxime Daigneault with a rebound.
4:14 of 2nd period - Wrist shot by Jason Arnott.
4:14 of 2nd period - Shot Misses the Net.
4:30 of 2nd period - Dmitri Kalinin is hit by Ryan Hollweg and loses puck.
4:55 of 2nd period - Jay Bouwmeester is hit by Dmitri Kalinin and loses puck.
5:37 of 2nd period - Snap shot by Antti Miettinen.
5:37 of 2nd period - Shot Misses the Net.
5:41 of 2nd period - Snap shot by Daymond Langkow.
5:41 of 2nd period - Stopped by Maxime Daigneault with a rebound.
5:42 of 2nd period - Minor Penalty to Adam Burish for Roughing.
5:43 of 2nd period - Jason Arnott wins face-off versus Sydney Crosby in Jets zone.
6:08 of 2nd period - Jason Arnott is hit by Daymond Langkow and loses puck.
7:37 of 2nd period - Benoit Pouliot is hit by Guillaume Latendresse and loses puck.
7:42 of 2nd period - Penalty to Adam Burish is over, Adam Burish is back on ice.
7:52 of 2nd period - Slapshot by Derek Boogaard.
7:52 of 2nd period - Deflect By Matthew Barnaby.
7:52 of 2nd period - Shot Blocked by Bryce Salvador.
7:52 of 2nd period - Puck is out of play.
7:53 of 2nd period - Matthew Barnaby wins face-off versus Kyle Wellwood in Jets zone.
8:20 of 2nd period - Ryan Whitney is hit by Jason Arnott and loses puck.
10:21 of 2nd period - Jason Arnott is hit by George Parros.
10:22 of 2nd period - Icing by Jason Arnott.
10:23 of 2nd period - George Parros wins face-off versus Jason Arnott in Jets zone.
10:24 of 2nd period - Snap shot by Simon Gagné.
10:24 of 2nd period - Stopped by Maxime Daigneault with a rebound.
10:32 of 2nd period - Snap shot by Simon Gagné.
10:32 of 2nd period - Goal by Simon Gagné - Jets : 1 - Kings : 2.
10:33 of 2nd period - Jason Arnott wins face-off versus Daymond Langkow in neutral zone.
11:44 of 2nd period - Wrist shot by Daymond Langkow.
11:44 of 2nd period - Shot Blocked by Pavel Kubina.
11:48 of 2nd period - Wrist shot by Ryan Hollweg.
11:48 of 2nd period - Stopped by Maxime Daigneault without a rebound.
11:49 of 2nd period - Jason Arnott wins face-off versus Tomas Plekanec in Jets zone.
11:54 of 2nd period - George Parros is hit by Adam Burish and loses puck.
13:27 of 2nd period - Snap shot by George Parros.
13:27 of 2nd period - Stopped by Maxime Daigneault without a rebound.
13:28 of 2nd period - Jason Arnott wins face-off versus Antti Miettinen in Jets zone.
14:05 of 2nd period - Snap shot by Shane Doan.
14:05 of 2nd period - Shot Blocked by Ryan Whitney.
14:06 of 2nd period - Minor Penalty to George Parros for Hooking.
14:07 of 2nd period - Sydney Crosby wins face-off versus Jason Allison in Kings zone.
14:58 of 2nd period - Wrist shot by Randy Robitaille.
14:58 of 2nd period - Shot Misses the Net.
15:24 of 2nd period - Ryan Whitney is hit by Jason Allison and loses puck.
15:30 of 2nd period - Minor Penalty to Adam Burish for Roughing.
15:31 of 2nd period - Sydney Crosby wins face-off versus Jason Allison in Jets zone.
15:32 of 2nd period - Snap shot by Jarome Iginla.
15:32 of 2nd period - Stopped by Maxime Daigneault without a rebound.
15:33 of 2nd period - Sydney Crosby wins face-off versus Jason Allison in Jets zone.
15:34 of 2nd period - Backhand shot by Jarome Iginla.
15:34 of 2nd period - Stopped by Maxime Daigneault without a rebound.
15:35 of 2nd period - Jason Allison wins face-off versus Sydney Crosby in Jets zone.
15:40 of 2nd period - Wade Redden is hit by Bryce Salvador and loses puck.
16:01 of 2nd period - Sydney Crosby is hit by Jason Allison and loses puck.
16:06 of 2nd period - Penalty to George Parros is over, George Parros is back on ice.
16:12 of 2nd period - Jeff Schultz is hit by Tomas Plekanec and loses puck.
17:30 of 2nd period - Penalty to Adam Burish is over, Adam Burish is back on ice.
17:38 of 2nd period - Wrist shot by Adam Burish.
17:38 of 2nd period - Stopped by Brent Johnson with a rebound.
17:40 of 2nd period - Wrist shot by Kyle Wellwood.
17:40 of 2nd period - Stopped by Brent Johnson with a rebound.
17:42 of 2nd period - Slapshot by Colin White.
17:42 of 2nd period - Stopped by Brent Johnson without a rebound.
17:43 of 2nd period - Jason Allison wins face-off versus Randy Robitaille in Kings zone.
17:54 of 2nd period - Snap shot by Jason Allison.
17:54 of 2nd period - Shot Misses the Net.
17:56 of 2nd period - Snap shot by Benoit Pouliot.
17:56 of 2nd period - Shot Blocked by Derek Boogaard.
18:10 of 2nd period - Jeff Schultz is hit by George Parros and loses puck.
18:47 of 2nd period - Wrist shot by Sydney Crosby.
18:47 of 2nd period - Stopped by Maxime Daigneault with a rebound.
18:53 of 2nd period - Wrist shot by Mike Leclerc.
18:53 of 2nd period - Stopped by Brent Johnson with a rebound.
18:55 of 2nd period - Slapshot by Pavel Kubina.
18:55 of 2nd period - Shot Misses the Net.
18:57 of 2nd period - Slapshot by Pavel Kubina.
18:57 of 2nd period - Shot Blocked by Sydney Crosby.
19:14 of 2nd period - Wrist shot by Shane Doan.
19:14 of 2nd period - Stopped by Brent Johnson with a rebound.
19:16 of 2nd period - Slapshot by Colin White.
19:16 of 2nd period - Stopped by Brent Johnson without a rebound.
19:17 of 2nd period - Daymond Langkow wins face-off versus Jason Arnott in Kings zone.
19:17 of 2nd period - Daymond Langkow is hit by Jason Arnott.
19:43 of 2nd period - Shane Doan is hit by Tomas Plekanec and loses puck.
3rd period
0:01 of 3rd period - Jason Arnott wins face-off versus Daymond Langkow in neutral zone.
1:18 of 3rd period - Snap shot by Jussi Jokinen.
1:18 of 3rd period - Shot Misses the Net.
1:20 of 3rd period - Slapshot by Niklas Kronwall.
1:20 of 3rd period - Shot Blocked by Bryan McCabe.
1:49 of 3rd period - Off-side.
1:50 of 3rd period - Sydney Crosby wins face-off versus Tuomo Ruutu in neutral zone.
2:01 of 3rd period - Backhand shot by Jarome Iginla.
2:01 of 3rd period - Goal by Jarome Iginla - Jets : 1 - Kings : 3.
2:02 of 3rd period - Jason Arnott wins face-off versus Daymond Langkow in neutral zone.
3:19 of 3rd period - Snap shot by David Vyborny.
3:19 of 3rd period - Shot Blocked by Ryan Hollweg.
3:21 of 3rd period - Snap shot by Tuomo Ruutu.
3:21 of 3rd period - Jets goal is going for a video replay.
3:21 of 3rd period - The goal is good.
3:21 of 3rd period - Goal by Tuomo Ruutu - Jets : 2 - Kings : 3.
3:22 of 3rd period - Daymond Langkow wins face-off versus Jason Arnott in neutral zone.
3:37 of 3rd period - Snap shot by Ryan Hollweg.
3:37 of 3rd period - Stopped by Maxime Daigneault with a rebound.
3:57 of 3rd period - Wrist shot by Jarome Iginla.
3:57 of 3rd period - Stopped by Maxime Daigneault with a rebound.
4:37 of 3rd period - Snap shot by Ryan Hollweg.
4:37 of 3rd period - Stopped by Maxime Daigneault with a rebound.
4:53 of 3rd period - Matthew Barnaby is hit by Jason Arnott and loses puck.
5:21 of 3rd period - Sean Zimmerman is hit by Benoit Pouliot and loses puck.
5:27 of 3rd period - Minor Penalty to Guillaume Latendresse for High sticking.
5:28 of 3rd period - Jason Allison wins face-off versus Sydney Crosby in Kings zone.
5:29 of 3rd period - Slapshot by Shane Doan.
5:29 of 3rd period - Stopped by Brent Johnson without a rebound.
5:30 of 3rd period - Jason Allison wins face-off versus Sydney Crosby in Kings zone.
5:31 of 3rd period - Snap shot by Benoit Pouliot.
5:31 of 3rd period - Deflect By Jason Allison.
5:31 of 3rd period - Shot Misses the Net.
5:31 of 3rd period - Puck is out of play.
5:32 of 3rd period - Jason Allison wins face-off versus Sydney Crosby in Kings zone.
5:33 of 3rd period - Wrist shot by Benoit Pouliot.
5:33 of 3rd period - Shot Misses the Net.
5:35 of 3rd period - Slapshot by Dmitri Kalinin.
5:35 of 3rd period - Deflect By Sydney Crosby.
5:35 of 3rd period - Stopped by Brent Johnson with a rebound.
5:37 of 3rd period - Slapshot by Dmitri Kalinin.
5:37 of 3rd period - Shot Blocked by Ryan Whitney.
5:39 of 3rd period - Wrist shot by Niklas Kronwall.
5:39 of 3rd period - Stopped by Brent Johnson with a rebound.
5:41 of 3rd period - Snap shot by Niklas Kronwall.
5:41 of 3rd period - Stopped by Brent Johnson without a rebound.
5:42 of 3rd period - Sydney Crosby wins face-off versus Jason Allison in Kings zone.
6:10 of 3rd period - Snap shot by Jason Arnott.
6:10 of 3rd period - Shot Misses the Net.
6:12 of 3rd period - Slapshot by Niklas Kronwall.
6:12 of 3rd period - Goal by Niklas Kronwall - Jets : 3 - Kings : 3.
6:13 of 3rd period - Jason Arnott wins face-off versus Daymond Langkow in neutral zone.
6:21 of 3rd period - Wrist shot by Adam Burish.
6:21 of 3rd period - Shot Blocked by Danny Richmond.
6:23 of 3rd period - Snap shot by Keith Tkachuk.
6:23 of 3rd period - Deflect By Jason Arnott.
6:23 of 3rd period - Stopped by Brent Johnson with a rebound.
6:25 of 3rd period - Snap shot by Keith Tkachuk.
6:25 of 3rd period - Stopped by Brent Johnson without a rebound.
6:26 of 3rd period - Tomas Plekanec wins face-off versus Jason Arnott in Kings zone.
7:14 of 3rd period - Slapshot by Danny Richmond.
7:14 of 3rd period - Shot Blocked by Pavel Kubina.
7:16 of 3rd period - Snap shot by Jay Bouwmeester.
7:16 of 3rd period - Deflect By Jarome Iginla.
7:16 of 3rd period - Shot Blocked by Pavel Kubina.
7:16 of 3rd period - Puck is out of play.
7:17 of 3rd period - Tomas Plekanec wins face-off versus Jason Arnott in Jets zone.
8:24 of 3rd period - Off-side.
8:25 of 3rd period - Randy Robitaille wins face-off versus Tuomo Ruutu in neutral zone.
8:28 of 3rd period - Pavel Kubina is hit by Randy Robitaille and loses puck.
9:00 of 3rd period - Minor Penalty to Pavel Kubina for Hooking.
9:01 of 3rd period - Jason Arnott wins face-off versus Sydney Crosby in Jets zone.
9:06 of 3rd period - Wrist shot by Dmitri Kalinin.
9:06 of 3rd period - Shot Misses the Net.
9:08 of 3rd period - Snap shot by Dmitri Kalinin.
9:08 of 3rd period - Shot Misses the Net.
9:10 of 3rd period - Snap shot by Jason Arnott.
9:10 of 3rd period - Stopped by Brent Johnson without a rebound.
9:11 of 3rd period - Jarome Iginla wins face-off versus Jason Arnott in Kings zone.
9:14 of 3rd period - Wrist shot by Mike Leclerc.
9:14 of 3rd period - Stopped by Brent Johnson with a rebound.
9:16 of 3rd period - Wrist shot by Mike Leclerc.
9:16 of 3rd period - Stopped by Brent Johnson with a rebound.
9:18 of 3rd period - Slapshot by Dmitri Kalinin.
9:18 of 3rd period - Deflect By Jason Arnott.
9:18 of 3rd period - Stopped by Brent Johnson without a rebound.
9:19 of 3rd period - Sydney Crosby wins face-off versus Jason Arnott in Kings zone.
9:26 of 3rd period - Jason Arnott is hit by Sydney Crosby and loses puck.
9:33 of 3rd period - Slapshot by Sydney Crosby.
9:33 of 3rd period - Deflect By Jarome Iginla.
9:33 of 3rd period - Shot Blocked by Mike Leclerc.
9:33 of 3rd period - Mike Leclerc from Jets is injured at 9:33 of 3rd period (Bruised Left Shoulder).
9:34 of 3rd period - Jason Arnott wins face-off versus Jarome Iginla in Jets zone.
9:43 of 3rd period - Snap shot by Wade Redden.
9:43 of 3rd period - Stopped by Maxime Daigneault without a rebound.
9:44 of 3rd period - Jason Arnott wins face-off versus Sydney Crosby in Jets zone.
9:44 of 3rd period - Jason Arnott is hit by Sydney Crosby.
10:17 of 3rd period - Off-side.
10:18 of 3rd period - Tomas Plekanec wins face-off versus Jason Arnott in neutral zone.
11:00 of 3rd period - Penalty to Pavel Kubina is over, Pavel Kubina is back on ice.
11:13 of 3rd period - Snap shot by David Vyborny.
11:13 of 3rd period - Stopped by Brent Johnson with a rebound.
12:50 of 3rd period - Antti Miettinen is hit by Keith Tkachuk and loses puck.
13:01 of 3rd period - Jeff Schultz is hit by Wade Redden.
13:05 of 3rd period - Jeff Schultz is hit by Ryan Whitney and loses puck.
13:15 of 3rd period - Minor Penalty to George Parros for Roughing.
13:16 of 3rd period - Sydney Crosby wins face-off versus Jason Allison in Kings zone.
13:31 of 3rd period - Wrist shot by Jason Allison.
13:31 of 3rd period - Goal by Jason Allison - Jets : 4 - Kings : 3.
13:32 of 3rd period - Jason Arnott wins face-off versus Daymond Langkow in neutral zone.
13:45 of 3rd period - Wrist shot by Antti Miettinen.
13:45 of 3rd period - Stopped by Maxime Daigneault without a rebound.
13:46 of 3rd period - Jason Allison wins face-off versus Tomas Plekanec in Jets zone.
13:46 of 3rd period - Jason Allison is hit by Ryan Whitney.
14:14 of 3rd period - Wrist shot by Tomas Plekanec.
14:14 of 3rd period - Shot Blocked by Shane Doan.
14:16 of 3rd period - Snap shot by Simon Gagné.
14:16 of 3rd period - Goal by Simon Gagné - Jets : 4 - Kings : 4.
14:17 of 3rd period - Jason Arnott wins face-off versus Sydney Crosby in neutral zone.
14:17 of 3rd period - Minor Penalty to Jason Arnott for Charging.
14:18 of 3rd period - Kyle Wellwood wins face-off versus Sydney Crosby in Jets zone.
14:18 of 3rd period - Kyle Wellwood is hit by Guillaume Latendresse.
14:49 of 3rd period - Wade Redden is hit by Jason Allison and loses puck.
15:28 of 3rd period - Antti Miettinen is hit by Kyle Wellwood and loses puck.
16:17 of 3rd period - Penalty to Jason Arnott is over, Jason Arnott is back on ice.
16:31 of 3rd period - Snap shot by Dmitri Kalinin.
16:31 of 3rd period - Stopped by Brent Johnson without a rebound.
16:32 of 3rd period - Daymond Langkow wins face-off versus Tuomo Ruutu in Kings zone.
16:41 of 3rd period - Tuomo Ruutu is hit by Simon Gagné and loses puck.
17:45 of 3rd period - Minor Penalty to Niklas Kronwall for Holding.
17:46 of 3rd period - Jason Arnott wins face-off versus Sydney Crosby in Jets zone.
18:21 of 3rd period - Snap shot by Tomas Plekanec.
18:21 of 3rd period - Stopped by Maxime Daigneault with a rebound.
18:39 of 3rd period - Snap shot by Benoit Pouliot.
18:39 of 3rd period - Shot Misses the Net.
19:07 of 3rd period - Kyle Wellwood is hit by Danny Richmond and loses puck.
19:42 of 3rd period - Tomas Plekanec is hit by Tuomo Ruutu and loses puck.
19:45 of 3rd period - Penalty to Niklas Kronwall is over, Niklas Kronwall is back on ice.
Overtime #1
0:01 of 1st overtime period - Jason Allison wins face-off versus Sydney Crosby in neutral zone.
0:10 of 1st overtime period - Snap shot by Jason Allison.
0:10 of 1st overtime period - Stopped by Brent Johnson with a rebound.
1:20 of 1st overtime period - Snap shot by Jussi Jokinen.
1:20 of 1st overtime period - Shot Misses the Net.
1:24 of 1st overtime period - Snap shot by Keith Tkachuk.
1:24 of 1st overtime period - Stopped by Brent Johnson without a rebound.
1:25 of 1st overtime period - Sydney Crosby wins face-off versus Jason Allison in Kings zone.
2:06 of 1st overtime period - Snap shot by Antti Miettinen.
2:06 of 1st overtime period - Stopped by Maxime Daigneault with a rebound.
2:08 of 1st overtime period - Slapshot by Ryan Whitney.
2:08 of 1st overtime period - Shot Blocked by Jeff Schultz.
2:30 of 1st overtime period - Wrist shot by Tomas Plekanec.
2:30 of 1st overtime period - Shot Misses the Net.
3:22 of 1st overtime period - Benoit Pouliot is hit by Antti Miettinen and loses puck.
3:27 of 1st overtime period - Slapshot by Antti Miettinen.
3:27 of 1st overtime period - Shot Blocked by Dmitri Kalinin.
4:49 of 1st overtime period - Icing by Jason Allison.
4:50 of 1st overtime period - Sydney Crosby wins face-off versus Jason Allison in Jets zone.
ShootOut
5:00 of 1st overtime period - Penalty Shot by Jason Arnott for Jets.
5:00 of 1st overtime period - Backhand shot by Jason Arnott.
5:00 of 1st overtime period - Stopped by Brent Johnson.
5:00 of 1st overtime period - Penalty Shot by Jarome Iginla for Kings.
5:00 of 1st overtime period - Snap shot by Jarome Iginla.
5:00 of 1st overtime period - Stopped by Maxime Daigneault.
5:00 of 1st overtime period - Penalty Shot by Benoit Pouliot for Jets.
5:00 of 1st overtime period - Backhand shot by Benoit Pouliot.
5:00 of 1st overtime period - Goal by Benoit Pouliot.
5:00 of 1st overtime period - Penalty Shot by Sydney Crosby for Kings.
5:00 of 1st overtime period - Wrist shot by Sydney Crosby.
5:00 of 1st overtime period - Stopped by Maxime Daigneault.
5:00 of 1st overtime period - Penalty Shot by Keith Tkachuk for Jets.
5:00 of 1st overtime period - Backhand shot by Keith Tkachuk.
5:00 of 1st overtime period - Goal by Keith Tkachuk.
Output by the SimonT Hockey Simulator (STHS) for François Prévost -- Original Page W3C XHTML 1.0 Valid